 Dungeon Crawl Stone Soup version 0.31-a0-196-g86fe4a5e66 (webtiles) character file.

Game seed: 3605978227327677573

8276 innerfire43 the Carver (level 11, -20/85 HPs)
             Began as a Demonspawn Monk on June 24, 2023.
             Was the Champion of Hepliaklqana.
             Demolished by an orc warrior
             ... wielding a +0 battleaxe
             ... led by an orc warlord
              (27 damage)
             ... on level 1 of the Orcish Mines.
             The game lasted 00:11:54 (8606 turns).

innerfire43 the Carver (Demonspawn Monk)            Turns: 8606, Time: 00:11:54

Health: -20/85     AC: -4    Str: 15    XL:     11   Next: 7%
Magic:  11/11      EV: 23    Int: 11    God:    Hepliaklqana [******]
Gold:   1536       SH:  0    Dex: 20    Spells: 10/10 levels left

rFire   + . .        r - +10 Maxwell's thermic engine {flame, freeze, rev}
rCold   . . .        d - orb {light}
rNeg    . . .        P - +2 robe {rF+}
rPois   .            k - +0 helmet
rElec   .            C - +1 cloak
rCorr   .            x - +2 pair of gloves {Dex+3}
SInv    .            (no boots)
Will    +....        i - amulet of faith
Stlth   +            q - ring of willpower
HPRegen 0.34/turn    u - +5 ring of evasion
MPRegen 0.24/turn

%: faith
@: corroded, glowing, studying Fighting
A: reduced essence, rugged brown scales 2, spiny 2, magic regeneration, sturdy
frame 1
a: Renounce Religion, Recall Ancestor, Ancestor Identity, Transference, Idealise


You were on level 1 of the Orcish Mines.
You worshipped Hepliaklqana.
Hepliaklqana was exalted by your worship.
You visited 2 branches of the dungeon, and saw 11 of its levels.
You also visited: Sewer.

You collected 1536 gold pieces.

Inventory:

Hand Weapons
 a - a +0 falchion
 j - a +4 dagger of venom
 m - a +0 whip of draining
 r - the +10 Maxwell's thermic engine (weapon) {flame, freeze, rev}
   (You took it off a hobgoblin on level 3 of the Dungeon)
Missiles
 N - a throwing net
Armour
 b - a +0 robe
 d - an orb of light (worn)
 k - a +0 helmet (worn)
 s - a scarf of harm
 x - a +2 pair of gloves of dexterity (worn)
 A - a +0 cloak
 C - a +1 cloak (worn)
 P - a +2 robe of fire resistance (worn)
Jewellery
 i - an amulet of faith (around neck)
 q - a ring of willpower (left hand)
 u - a +5 ring of evasion (right hand)
 D - a ring of flight
 E - a ring of protection from fire
 F - a ring of protection from cold
 S - a ring of ice
Wands
 B - a wand of iceblast (19)
 Q - a wand of flame (51)
Scrolls
 f - 5 scrolls of teleportation
 n - a scroll of identify
 p - 4 scrolls of amnesia
 t - a scroll of revelation
 w - a scroll of enchant weapon
 y - 2 scrolls of fog
 z - a scroll of butterflies
 G - 2 scrolls of enchant armour {unknown}
 O - a scroll of poison
 R - a scroll of blinking
Potions
 c - 3 potions of ambrosia
 e - a potion of mutation
 g - 2 potions of resistance
 h - 2 potions of haste
 l - 2 potions of lignification
 o - 5 potions of curing
 v - 4 potions of brilliance


   Skills:
 + Level 9.9 Fighting
 - Level 3.2(7.7) Short Blades
 * Level 11.0(11.2) Long Blades
 + Level 8.4 Dodging


You had 10 spell levels left.
You didn't know any spells.
Your spell library contained the following spells:

 Spells                   Type           Power      Damage    Failure   Level
 Sublimation of Blood     Necr           0%         N/A       47%         2
 Wereblood                Tmut           0%         N/A       47%         2
 Call Canine Familiar     Summ           0%         N/A       71%         3
 Portal Projectile        Hex/Tloc       0%         N/A       71%         3
 Stone Arrow              Conj/Erth      0%         3d7       71%         3
 Animate Armour           Summ/Erth      0%         N/A       98%         4
 Leda's Liquefaction      Hex/Erth       0%         N/A       98%         4
 Summon Lightning Spire   Summ/Air       0%         N/A       98%         4
 Blade Hands              Tmut           0%         N/A       100%        5
 Summon Hydra             Summ           0%         N/A       100%        7
 Lehudib's Crystal Spear  Conj/Erth      0%         10d2      100%        8


Dungeon Overview and Level Annotations

Branches:
Dungeon (10/15)            Temple (0/1) D:5            Lair (0/5) D:8
    Orc (1/2) D:10          Sewer (visited)

Altars:
Hepliaklqana
Makhleb
Okawaru
Trog
Wu Jian
Xom
Yredelemnul

Shops:
D:1 :


Innate Abilities, Weirdness & Mutations

Your life essence is reduced to manifest your ancestor. (-10% HP)
You are mostly covered in rugged brown scales. (AC +2, +5% HP)
You are mostly covered in sharp spines.
You regenerate magic rapidly.
Your movements are slightly less encumbered by armour. (ER -2)


Message History

The rust devil barely misses you.
Cynebald hits the rust devil with a +0 dagger of draining!
An orc warrior comes into view. It is wielding a +0 scimitar.
The orc warlord roars a battlecry!
The orcs go into a battle-frenzy!
The orc high priest completely misses you.
Cynebald barely misses the rust devil.
You hear a shout!
You hit the rust devil.
The rust devil is almost dead.
The rust devil is struck by your spines.
You kill the rust devil!
The rust devil disappears in a puff of smoke!
The orc barely misses Cynebald.
An orc comes into view. It is wielding a +0 club.
The orc warrior is struck by your spines.
The orc warrior barely misses you.
The orc high priest invokes the aid of Beogh against you.
Beogh smites you!
You slash the orc! You burn the orc.
You kill the orc!
The orc warrior is struck by your spines.
The orc warrior misses you.
The orc warrior hits Cynebald with a +0 battleaxe!
An orc warrior comes into view. It is wielding a +0 scimitar.
The orc high priest hits you from afar with a +0 halberd!!
* * * LOW HITPOINT WARNING * * *
Cynebald hits the orc high priest with a +0 dagger of draining.
Cynebald drains the orc high priest.
The orc high priest hits Cynebald with a +0 halberd!
Cynebald hits the orc high priest with a +0 dagger of draining!
The orc warrior attacks as you move away!
The orc warrior is struck by your spines.
The orc warrior closely misses you.
The orc warrior barely misses Cynebald.
Cynebald points at the orc high priest and mumbles some strange words.
The orc high priest resists with almost no effort.
The orc high priest barely misses Cynebald.
The orc warrior attacks as you move away!
The orc warrior hits you with a +0 battleaxe!!
You die...

..#.............
.......o.........
#........o......#
....#..oo.......#
.......o....#...#
...>.))R†.$##..#
......).)......##
........o.......#
..#.##..@....#.##
# ##...$<##
#######


You could see the friendly Cynebald the hexer, an orc warlord, an orc high
priest (strong, drained, ally target), 3 orc warriors and an orc (strong).

Vanquished Creatures
  Snorg (D:10)
  3 wyverns
  A shadow (D:10)
  7 yaks
  3 steam dragons
  2 wargs (Orc:1)
  2 water moccasins
  5 orc warriors
  An ice beast (D:5)
  A black bear (D:3)
  2 ogres (D:5)
  A kobold brigand (D:8)
  2 phantoms
  2 bullfrogs (D:8)
  2 scorpions
  8 wights (D:9)
  A troll zombie (D:10)
  9 killer bees (D:9)
  4 howler monkeys
  A vampire bat (D:3)
  3 hounds
  4 jellies
  A gnoll bouda (D:7)
  2 orc priests
  Crazy Yiuf (D:5)
  2 iguanas
  2 sleepcaps (D:7)
  A hexer (D:10)
  7 orc wizards
  5 ogre zombies (D:10)
  5 adders
  8 gnolls
  A river rat (D:6)
  A white imp (D:7)
  A worm (D:6)
  2 dart slugs
  3 fire bats (D:3)
  33 orcs
  2 spectral bats (D:3)
  9 bats (D:3)
  3 bat skeletons (D:3)
  A bat zombie (D:3)
  13 endoplasms
  7 giant cockroaches
  9 goblins
  7 hobgoblins
  2 jackals (D:5)
  3 quokkas (D:1)
  18 ball pythons
  6 frilled lizards
  2 goblin skeletons (D:10)
  3 goblin zombies (D:10)
  A hobgoblin skeleton (D:10)
  A hobgoblin zombie (D:10)
  11 kobolds
  3 orc skeletons (D:10)
  8 orc zombies (D:10)
  8 rats
257 creatures vanquished.

Vanquished Creatures (collateral kills)
  An unseen horror (D:10)
  Psyche (D:8)
  A hornet (D:9)
  A shadow (D:10)
  A yak (D:10)
  A two-headed ogre zombie (D:10)
  An orc warrior (Orc:1)
  2 black bears
  An ogre (D:5)
  A kobold brigand (D:7)
  A scorpion (D:4)
  2 jellies (Sewer)
  A sleepcap (D:6)
  A gnoll bouda (D:8)
  An orc wizard (D:10)
  An ogre zombie (D:10)
  An adder (D:4)
  4 orcs
  A jackal (D:5)
  A quokka (D:2)
  A bat simulacrum (D:3)
  2 goblin zombies (D:10)
  A hobgoblin zombie (D:10)
  3 kobolds
  An orc skeleton (D:10)
  3 orc zombies (D:10)
  A rat (Sewer)
37 creatures vanquished.

Vanquished Creatures (others)
  2 orcs
2 creatures vanquished.

Grand Total: 296 creatures vanquished

Notes
Turn   | Place    | Note
-------+----------+-------------------------------------------
     0 | D:1      | innerfire43 the Demonspawn Monk began the quest for the
                  | Orb.
     0 | D:1      | Reached XP level 1. HP: 18/18 MP: 1/1
   226 | D:1      | Gained mutation: You are partially covered in sharp spines.
                  | [demonic ancestry]
   226 | D:1      | Reached XP level 2. HP: 24/24 MP: 2/2
   330 | D:1      | Reached skill level 3 in Long Blades
   353 | D:1      | Found a faded altar of an unknown god.
   450 | D:1      | Prayed at the altar of an unknown god.
   450 | D:1      | Became a worshipper of Hepliaklqana the Forgotten
   450 | D:1      | Reached * piety under Hepliaklqana
   450 | D:1      | Reached ** piety under Hepliaklqana
   451 | D:1      | Remembered your ancestor Cynebald as a hexer
   629 | D:1      | Found Iji Lonwiq's Vocational Training.
   763 | D:2      | Found a bloodstained altar of Trog.
   768 | D:2      | Gained mutation: You are partially covered in rugged brown
                  | scales. (AC +1, +3% HP) [demonic ancestry]
   768 | D:2      | Reached XP level 3. HP: 21/26 MP: 3/3
   808 | D:2      | Reached *** piety under Hepliaklqana
  1663 | D:2      | Reached skill level 1 in Short Blades
  1733 | D:3      | Noticed a black bear
  1748 | D:3      | Killed a black bear
  1749 | D:3      | Reached XP level 4. HP: 22/34 MP: 4/4
  1811 | D:3      | Reached XP level 5. HP: 39/39 MP: 5/5
  2189 | D:3      | Gained mutation: You are mostly covered in rugged brown
                  | scales. (AC +2, +5% HP) [demonic ancestry]
  2189 | D:3      | Reached XP level 6. HP: 39/45 MP: 6/6
  2398 | D:3      | Found a burning altar of Makhleb.
  2398 | D:3      | Reached **** piety under Hepliaklqana
  2398 | D:3      | Found an iron altar of Okawaru.
  2398 | D:3      | Found a basalt altar of Yredelemnul.
  3360 | D:5      | Entered Level 5 of the Dungeon
  3364 | D:5      | Reached skill level 4 in Long Blades
  3365 | D:5      | Noticed an ice beast
  3371 | D:5      | Gained mutation: You are mostly covered in sharp spines.
                  | [demonic ancestry]
  3371 | D:5      | Reached XP level 7. HP: 45/52 MP: 7/7
  3373 | D:5      | Reached skill level 5 in Fighting
  3567 | D:5      | Reached skill level 5 in Long Blades
  3571 | D:5      | Reached skill level 5 in Dodging
  3692 | D:5      | Reached XP level 8. HP: 49/59 MP: 8/8
  3784 | D:5      | Found a staircase to the Ecumenical Temple.
  3957 | D:5      | Found a runed translucent door.
  3957 | D:5      | Noticed Crazy Yiuf
  4032 | D:5      | Killed Crazy Yiuf
  4221 | D:6      | Reached skill level 6 in Long Blades
  4242 | D:6      | Reached ***** piety under Hepliaklqana
  4398 | D:6      | Found a glowing drain.
  4515 | Sewer    | Entered a sewer
  4628 | Sewer    | Found a viscous altar of Jiyva.
  5265 | D:7      | Reached skill level 7 in Long Blades
  5356 | D:7      | Reached XP level 9. HP: 62/67 MP: 9/9
  5580 | D:7      | Found a shimmering altar of Xom.
  5890 | D:7      | Found an ornate altar of the Wu Jian Council.
  6271 | D:8      | Reached skill level 8 in Long Blades
  6278 | D:8      | Found a staircase to the Lair.
  6283 | D:8      | Noticed Psyche
  6289 | D:8      | Killed Psyche
  6934 | D:8      | Reached skill level 9 in Long Blades
  7201 | D:9      | Gained mutation: You regenerate magic rapidly. [demonic
                  | ancestry]
  7201 | D:9      | Reached XP level 10. HP: 76/76 MP: 10/10
  7671 | D:9      | Identified 3 scrolls of acquirement
  7689 | D:9      | Acquired a +2 pair of gloves of dexterity
  7690 | D:9      | Acquired 752 gold pieces
  7691 | D:9      | Acquired a manual of Fighting
  7729 | D:9      | Gained mutation: Your movements are slightly less
                  | encumbered by armour. (ER -2) [potion of mutation]
  7897 | D:10     | Entered Level 10 of the Dungeon
  8004 | D:10     | Reached skill level 10 in Long Blades
  8316 | D:10     | Noticed Snorg
  8325 | D:10     | Killed Snorg
  8417 | D:10     | Reached ****** piety under Hepliaklqana
  8484 | D:10     | Found a staircase to the Orcish Mines.
  8508 | D:10     | Reached XP level 11. HP: 74/85 MP: 11/11
  8580 | Orc:1    | Entered Level 1 of the Orcish Mines
  8581 | Orc:1    | Noticed an orc high priest
  8597 | Orc:1    | Reached skill level 11 in Long Blades
  8600 | Orc:1    | Noticed an orc warlord
  8606 | Orc:1    | Demolished by an orc warrior

Illustrated notes

Levels and vault maps discovered:
D:1:      scummos_arrival_simple_fountains, layout_rooms,
          hellmonk_ecumenical_altar_run_dry, minmay_gold_behind_fungi,
          minmay_misc_feat_iff, minivault_27, amcnicky_mini_pool_small,
          nicolae_shop_vocational
D:2:      minmay_door_path, layout_basic, basic_altar, dk_vineyard_2
D:3:      layout_loops_cross, gammafunk_temple_overflow_forgotten,
          goddamned_bats
D:4:      layout_loops_ring
D:5:      layout_rooms, minmay_temple_entry_statues_pillars,
          grunt_ministairs_12, uniq_crazy_yiuf_cottage
D:6:      layout_basic, portal_sewer_entry_e, minmay_fountain_box
D:7:      layout_loops_ring, nicolae_wu_jian_immortal_techniques,
          general_overflow_altar
D:8:      layout_basic, lair_entry_dummy, minmay_crossroads, uniq_psyche
D:9:      layout_basic
D:10:     layout_stronghold, zombieorc2_lemuel, uniq_snorg
Orc:1:    layout_caves, basic_altar

Skill      XL: |  1  2  3  4  5  6  7  8  9 10 11 |
---------------+----------------------------------+-----
Long Blades    | 3 4 5 7 9 10 11 | 11.0
Dodging        | 3 4 5 6 7 8 |  8.4
Short Blades   | 2 3 |  3.2
Fighting       | 4 5 6 7 9 |  9.9

Action                     |  1- 3 |  4- 6 |  7- 9 | 10-12 || total
---------------------------+-------+-------+-------+-------++-------
  Melee: Falchion          |    28 |       |       |       ||    28
         Dagger            |    47 |    37 |       |       ||    84
         Double sword      |       |    23 |   155 |   114 ||   292
 Invoke: Ancestor Life: He |     1 |       |       |       ||     1
    Use: Scroll            |     6 |       |       |    11 ||    17
         Potion            |       |       |       |    11 ||    11
   Stab: Distracted        |     1 |     1 |     3 |     4 ||     9
         Confused          |     1 |       |     4 |     8 ||    13
 Armour: Robe              |     6 |    13 |    21 |    28 ||    68
  Dodge: Dodged            |    41 |    54 |    99 |   121 ||   315

Table legend: (Time is in decaauts)
 A = Elapsed time spent in this place.
 B = Non-inter-level travel time spent in this place.
 C = Inter-level travel time spent in this place.
 D = Time resting spent in this place.
 E = Time spent auto-exploring this place.
 F = Levels seen in this place.
 G = Mean time per level.
                   A        B        C        D        E       F      G
               +--------+--------+--------+--------+--------+-----+--------+
         Total |   8658 |   8211 |    447 |      0 |   6858 |  12 |  721.5 |
       Dungeon |   8374 |   7927 |    447 |      0 |   6727 |  10 |  837.4 |
  Orcish Mines |     24 |     24 |      0 |      0 |      0 |   1 |   24.0 |
         Sewer |    259 |    259 |      0 |      0 |    130 |   1 |  259.0 |
               +--------+--------+--------+--------+--------+-----+--------+

Top non-repeatable levels by time:
     D:2: 1017 daAuts
     D:7: 938 daAuts
     D:8: 920 daAuts
     D:3: 915 daAuts
     D:9: 906 daAuts
     D:6: 844 daAuts
     D:5: 727 daAuts
     D:1: 714 daAuts
     D:4: 709 daAuts
    D:10: 680 daAuts
   Sewer: 259 daAuts
   Orc:1: 24 daAuts
